 Dungeon Crawl Stone Soup version 0.31-a0-1001-g770356a28f (webtiles) character file.

Game seed: 3220941968550542025

648 BinkBink the Covered (level 7, -1/44 HPs)
             Began as a Gargoyle Fighter on Nov 8, 2023.
             Was a Believer of Okawaru.
             Slain by an orc
             ... wielding a +0 hand axe
              (6 damage)
             ... on level 5 of the Dungeon.
             The game lasted 00:04:51 (3491 turns).

BinkBink the Covered (Gargoyle Fighter)             Turns: 3491, Time: 00:04:51

Health: -1/44      AC: 13    Str: 22    XL:     7   Next: 53%
Magic:  8/8        EV:  9    Int:  8    God:    Okawaru [**....]
Gold:   141        SH:  5    Dex:  9    Spells: 6/6 levels left

rFire   . . .        a - +0 flail
rCold   . . .        c - +0 buckler
rNeg    + . .        b - +0 scale mail
rPois   ∞            (no helmet)
rElec   +            q - +0 cloak
rCorr   .            (no gloves)
SInv    +            (no boots)
Will    .....        s - amulet of faith Stlth
                     g - ring of see invisible
HPRegen 0.27/turn    (no ring)
MPRegen 0.11/turn

%: faith
@: weak-willed
A: sickness immunity, AC +4, negative energy resistance 1, electricity
resistance, torment resistance 1, petrification resistance
a: Renounce Religion, Heroism


You were on level 5 of the Dungeon.
You worshipped Okawaru.
Okawaru was pleased with you.
You visited 1 branch of the dungeon, and saw 5 of its levels.

You collected 141 gold pieces.

Inventory:

Hand Weapons
 a - a +0 flail (weapon)
Armour
 b - a +0 scale mail (worn)
 c - a +0 buckler (worn)
 q - a +0 cloak (worn)
Jewellery
 g - a ring of see invisible (left hand)
 s - an amulet of faith (around neck)
 t - a ring of fire
 x - an amulet of reflection
 y - an amulet of regeneration
Scrolls
 e - a scroll of fog {unknown}
 f - a scroll of enchant weapon {unknown}
 m - 3 scrolls of vulnerability
 n - a scroll of torment {unknown}
 p - 4 scrolls of identify {unknown}
 w - a scroll of immolation {unknown}
Potions
 d - a potion of might
 h - 3 potions of curing {unknown}
 i - 2 potions of brilliance {unknown}
 j - 2 potions of heal wounds {unknown}
 k - 2 potions of resistance {unknown}
 l - a potion of degeneration {unknown}
 o - a potion of lignification {unknown}
 r - a potion of attraction {unknown}
 u - a potion of magic {unknown}
 v - 2 potions of invisibility {unknown}


   Skills:
 + Level 4.8 Fighting
 + Level 3.5 Maces & Flails
 * Level 5.8 Armour
 * Level 5.7 Shields
 + Level 2.1 Invocations


You had 6 spell levels left.
You didn't know any spells.
Your spell library contained the following spells:

 Spells                   Type           Power      Damage    Failure   Level
 Ignite Poison            Fire/Tmut/Pois 0%         N/A       98%         3
 Volatile Blastmotes      Fire/Tloc      0%         2d10      98%         3
 Fulminant Prism          Conj/Hex       0%         3d5       100%        4
 Iskenderun's Mystic Bla  Conj/Tloc      0%         2d3       100%        4
 Sticky Flame             Conj/Fire      0%         2d3       100%        4
 Ignition                 Fire           0%         3d3       100%        8


Dungeon Overview and Level Annotations

Branches:
Dungeon (5/15)
 Temple: D:4-7

Altars:
Cheibriados
Makhleb
Okawaru
Qazlal
Vehumet

Annotations:
D:5 2 runed translucent doors, b0ghi87's ghost, novice DjCj


Innate Abilities, Weirdness & Mutations

You are immune to sickness and miasma.
Your stone body is resilient. (AC +4)
You are immune to poison.
You resist negative energy. (rN+)
You are resistant to electric shocks. (rElec)
You are resistant to unholy torment.
You are immune to petrification.


Message History

The orc closely misses you. The wight hits you but does no damage.
The orc closely misses you. The orc barely misses you.
The orc wizard casts a spell at you.
The magic dart hits you but does no damage.
The orc closely misses you. The orc hits you with a +0 hand axe.
The wight hits you with a +0 falchion.
You barely miss the orc wizard. The orc hits you but does no damage.
The orc wizard hits you but does no damage.
The orc closely misses you. The wight barely misses you.
The orc hits you but does no damage. The orc barely misses you.
Unknown command.
You are too confused!
Unknown command.
Okay, then.
You miss the orc wizard.
You feel less confused.
The orc wizard hits you with a +0 dagger.
The orc hits you but does no damage. You block the wight's attack.
The orc closely misses you. The ice beast barely misses you.
The orc barely misses you.
You barely miss the orc wizard. The orc wizard closely misses you.
The orc barely misses you. The wight hits you but does no damage.
The orc hits you with a +0 hand axe. You block the ice beast's attack.
The orc hits you but does no damage.
You barely miss the orc wizard. The orc hits you but does no damage.
The orc wizard hits you but does no damage.
The wight hits you with a +0 falchion. The orc hits you with a +0 hand axe.
* * * LOW HITPOINT WARNING * * *
The orc hits you but does no damage. The ice beast closely misses you.
The wight hits you from afar with a +0 spear.
* * * LOW HITPOINT WARNING * * *
The orc hits you with a +0 club.
* * * LOW HITPOINT WARNING * * *
The orc wizard completely misses you.
As you read the scroll labelled TONKEJ OHIKLALL, it crumbles to dust.
Magic quickly surges around you.
It was a scroll of vulnerability.
The wight hits you with a +0 falchion.
* * * LOW HITPOINT WARNING * * *
The orc hits you with a +0 hand axe.
You die...

............
...............
...............
....z..........
....z#######..# ..z.z#
#..##
###..#######...########.
#....##...##..Soz.......
#........$.#..zo@....#
..............zooY...#
..$........!.#.zz..###
.............#####.#
...............# ##
.....##...#....#
..#######......# ..
###....# #....#


You could see an ice beast (weak-willed), 5 wights, an orc wizard (invisible,
weak-willed), an adder (weak-willed) and 3 orcs.

Vanquished Creatures
  Eustachio (D:4)
  An ogre (D:4)
  A scorpion (D:4)
  3 hounds
  An iron imp (D:3)
  2 iguanas (D:5)
  An orc wizard (D:4)
  3 adders
  4 gnolls (D:3)
  3 worms
  3 dart slugs
  7 orcs
  5 ball pythons
  5 endoplasms
  3 giant cockroaches (D:1)
  11 goblins
  5 hobgoblins
  5 jackals
  5 kobolds
  3 quokkas
  9 bats
  4 frilled lizards
  4 rats
89 creatures vanquished.

Notes
Turn   | Place    | Note
-------+----------+-------------------------------------------
     0 | D:1      | BinkBink the Gargoyle Fighter began the quest for the Orb.
     0 | D:1      | Reached XP level 1. HP: 14/14 MP: 1/1
   182 | D:1      | Reached XP level 2. HP: 19/19 MP: 2/2
   411 | D:1      | Reached XP level 3. HP: 21/23 MP: 3/3
  1353 | D:2      | Reached XP level 4. HP: 26/29 MP: 4/4
  1646 | D:3      | Found a radiant altar of Vehumet.
  1698 | D:3      | Found a snail-covered altar of Cheibriados.
  1831 | D:3      | Reached XP level 5. HP: 22/33 MP: 5/5
  2098 | D:3      | Found a burning altar of Makhleb.
  2100 | D:3      | Found an iron altar of Okawaru.
  2100 | D:3      | Found a stormy altar of Qazlal.
  2287 | D:3      | Became a worshipper of Warmaster Okawaru
  2629 | D:4      | Noticed an ogre
  2634 | D:4      | Killed an ogre
  2634 | D:4      | Reached * piety under Okawaru
  2635 | D:4      | Reached skill level 5 in Armour
  2635 | D:4      | Reached skill level 5 in Shields
  2635 | D:4      | Reached skill level 1 in Invocations
  2635 | D:4      | Reached XP level 6. HP: 25/39 MP: 6/6
  3234 | D:5      | Entered Level 5 of the Dungeon
  3234 | D:5      | Noticed Eustachio
  3284 | D:4      | Killed Eustachio
  3284 | D:4      | Reached ** piety under Okawaru
  3285 | D:4      | Reached XP level 7. HP: 24/44 MP: 8/8
  3343 | D:5      | Found a runed translucent door.
  3359 | D:5      | Noticed b0ghi87's ghost (novice DjCj)
  3373 | D:5      | Found a runed translucent door.
  3491 | D:5      | Slain by an orc

Illustrated notes

Levels and vault maps discovered:
D:1:      lemuel_arrival_behind_the_door_large, layout_basic,
          kennysheep_nondescript
D:2:      layout_basic
D:3:      layout_basic, slow_altar_1, mainiacjoe_overflow_alcove_3
D:4:      layout_loops_corners
D:5:      layout_rooms, ebering_ghost_sewer_f, portal_sewer_entry_d,
          minmay_misc_feat_diagonals, uniq_crazy_yiuf_cottage, uniq_eustachio

Skill      XL: |  1  2  3  4  5  6  7 |
---------------+----------------------+-----
Armour         | 4 5 |  5.8
Shields        | 4 5 |  5.7
Fighting       | 4 |  4.8
Maces & Flails | 3 |  3.5
Invocations    | 1 2 |  2.1

Action                     |  1- 3 |  4- 6 |  7- 9 || total
---------------------------+-------+-------+-------++-------
  Melee: Flail             |   145 |   181 |    55 ||   381
    Use: Scroll            |       |       |     1 ||     1
 Armour: Scale mail        |   129 |   184 |    76 ||   389
  Dodge: Dodged            |   109 |   121 |    55 ||   285
  Block: Buckler           |    51 |    40 |    24 ||   115

Table legend: (Time is in decaauts)
 A = Elapsed time spent in this place.
 B = Non-inter-level travel time spent in this place.
 C = Inter-level travel time spent in this place.
 D = Time resting spent in this place.
 E = Time spent auto-exploring this place.
 F = Levels seen in this place.
 G = Mean time per level.
                   A        B        C        D        E       F      G
               +--------+--------+--------+--------+--------+-----+--------+
         Total |   3604 |   3427 |    177 |     59 |   2452 |   5 |  720.8 |
       Dungeon |   3604 |   3427 |    177 |     59 |   2452 |   5 |  720.8 |
               +--------+--------+--------+--------+--------+-----+--------+

Top non-repeatable levels by time:
     D:4: 983 daAuts
     D:3: 847 daAuts
     D:2: 832 daAuts
     D:1: 715 daAuts
     D:5: 224 daAuts
